 Dungeon Crawl Stone Soup version 0.29-a0-474-gdfe5cd140f (webtiles) character file.

Game seed: 3931908452968356254

128 spaghetti the Ruffian (level 4, -3/35 HPs)
             Began as a Mummy Fighter on May 23, 2022.
             Was an Initiate of Gozag.
             Slain by an ogre
             ... wielding a +0 giant spiked club
              (12 damage)
             ... on level 4 of the Dungeon.
             The game lasted 00:03:24 (2926 turns).

spaghetti the Ruffian (Mummy Fighter)               Turns: 2926, Time: 00:03:24

Health: -3/35      AC:  6    Str: 21    XL:     4   Next: 86%
Magic:  4/4        EV:  9    Int:  7    God:    Gozag
Gold:   284        SH:  4    Dex: 11    Spells: 3/3 levels left

rFire   x . .      SeeInvis .     - Unarmed
rCold   + . .      Faith    .   b - +0 buckler
rNeg    + + +      Spirit   .   a - +0 scale mail
rPois   ∞          Reflect  .   (no helmet)
rElec   .          Harm     .   (no cloak)
rCorr   .          Rampage  .   (no gloves)
Will    .....                   (no boots)
Stlth   ..........              (no amulet)
HPRegen 0.11/turn               (no ring)
MPRegen 0.09/turn               (no ring)

@: no status effects
A: cold resistance 1, negative energy resistance 3, torment resistance 2, heat
vulnerability 1, in touch with death 1, no potions
a: Renounce Religion, Potion Petition, Call Merchant, Bribe Branch


You were on level 4 of the Dungeon.
You worshipped Gozag.
Gozag was aware of your devotion.
You visited 1 branch of the dungeon, and saw 4 of its levels.

You collected 284 gold pieces.


Innate Abilities, Weirdness & Mutations

You are immune to poison.
Your flesh is cold resistant. (rC+)
You are immune to negative energy. (rN+++)
You are immune to unholy pain and torment.
You are vulnerable to heat. (rF-)
You are in touch with the powers of death.
You do not drink.


   Skills:
 - Level 3.0 Fighting
 - Level 2.4 Armour
 - Level 2.4 Shields
 + Level 4.2 Unarmed Combat


You had 3 spell levels left.
You didn't know any spells.
Your spell library contained the following spells:

 Spells                   Type           Power      Damage    Failure   Level
 Summon Hydra             Summ           0%         N/A       100%        7
 Sublimation of Blood     Necr           Unusable   N/A       N/A         2
 Wereblood                Tmut           Unusable   N/A       N/A         2

Inventory:

Hand Weapons
 c - a +0 club {mace}
   (You took it off a kobold on level 1 of the Dungeon)
 f - a +0 dagger {short}
   (You found it on level 1 of the Dungeon)
 g - a +0 hunting sling {sling}
   (You found it on level 1 of the Dungeon)
 h - a +0 club {mace}
   (You took it off a goblin on level 1 of the Dungeon)
 j - a +0 club {mace}
   (You took it off a kobold on level 1 of the Dungeon)
 k - a +0 flail {mace}
   (You found it on level 1 of the Dungeon)
 o - a +0 dagger {short}
   (You took it off a goblin on level 1 of the Dungeon)
Missiles
 e - 100 stones (quivered) {throwing}
 i - 4 boomerangs {throwing}
Armour
 a - a +0 scale mail (worn)
 b - a +0 buckler (worn)
Jewellery
 n - a ring of ice
   (You found it on level 1 of the Dungeon)
Scrolls
 d - 3 scrolls of enchant weapon
 m - a scroll of amnesia

Dungeon Overview and Level Annotations

Branches:
Dungeon (4/15)
 Temple: D:4-7

Altars:
Gozag

.. $ .# ..
.# .#
##### .#
#....#.#
#.@.# $
#..O.#
#..(.[.
...(..#.#
###.(....#
#.##.###
#g .# #.
..


You could see an ogre and a hobgoblin.


Message History

e - 104 stones {throwing} (gained 1) Key pressed, stopping explore.
You see here a fizzy white potion.
You feel your willpower return.
Key pressed, stopping explore.
A quokka comes into view.
A quokka is nearby!
A quokka is nearby!
You throw a stone {throwing}.
The stone {throwing} hits the quokka but does no damage.
You throw a stone {throwing}.
The stone {throwing} hits the quokka but does no damage.
You throw a stone {throwing}.
The stone {throwing} hits the quokka but does no damage.
You hit the quokka. The quokka closely misses you.
You hit the quokka but do no damage. The quokka bites you. 😕 HP[-2]
You take 2 damage, and now have 33/35 hp.
You are too injured to fight recklessly!
You are too injured to fight recklessly!
You are too injured to fight recklessly!
You are too injured to fight recklessly!
You are too injured to fight recklessly!
You are too injured to fight recklessly!
You are too injured to fight recklessly!
You are too injured to fight recklessly!
You are too injured to fight recklessly!
You are too injured to fight recklessly!
A quokka is nearby!
A quokka is nearby!
You barely miss the quokka. The quokka barely misses you.
You hit the quokka.
You kill the quokka! 😕 HP[+1]
You now have 284 gold pieces (gained 6).
e - 102 stones {throwing} (gained 1)
e - 103 stones {throwing} (gained 1) Key pressed, stopping explore.
Key pressed, stopping explore.
Key pressed, stopping explore.
There is a stone staircase leading up here.
Done exploring. 😎 HP[+1]
Your hp is fully restored (35).
Done exploring.
Done exploring.
Done exploring.
(D) Dungeon
Where to? (Enter - D:2, ? - help)
There is an open door here.
There is an escape hatch in the ceiling here.
There is a stone staircase leading down here.
You climb downwards.
There is a stone staircase leading up here.
Key pressed, stopping travel.
Unknown command.
Unknown command.
Done exploring.
Done exploring.
Done exploring.
Done exploring.
(D) Dungeon
Where to? (Enter - D:3, ? - help)
You see here a +0 chain mail.
There is a stone staircase leading down here.
You climb downwards.
The ogre shouts!
There is a stone staircase leading up here.
An ogre is nearby!
Unknown command.
Unknown command.
An ogre is nearby!
An ogre is nearby!
You throw a stone {throwing}. The stone {throwing} hits the ogre.
You throw a stone {throwing}.
The stone {throwing} hits the ogre but does no damage.
You throw a stone {throwing}.
The stone {throwing} hits the ogre but does no damage.
You hit the ogre.
The ogre hits you with a +0 giant spiked club! 😮 HP[-17]
You take 17 damage, and now have 18/35 hp.
MASSIVE DAMAGE!! (PAUSE) Unknown command.
You hit the ogre. You hit the ogre.
The ogre hits you with a +0 giant spiked club!
* * * LOW HITPOINT WARNING * * *
A hobgoblin comes into view. 😨 HP[-9]
You take 9 damage, and now have 9/35 hp.
MASSIVE DAMAGE!! (PAUSE) Unknown command.
Okay, then.
Okay, then.
You barely miss the ogre.
The hobgoblin shouts!
The ogre hits you with a +0 giant spiked club!
You die...
Your body crumbles into a pile of gold.

Skill      XL: |  1  2  3  4 |
---------------+-------------+-----
Unarmed Combat | 2 3 4 |  4.2
Fighting       | |  3.0
Armour         | |  2.4
Shields        | |  2.4

Action                   |  1- 3 |  4- 6 || total
-------------------------+-------+-------++-------
Melee: Unarmed           |   108 |    86 ||   194
Throw: Stone             |     6 |    11 ||    17
  Use: Scroll            |     2 |     4 ||     6
Armor: Scale mail        |    55 |    32 ||    87
Dodge: Dodged            |    50 |    28 ||    78
Block: Buckler           |    20 |    14 ||    34

Levels and vault maps discovered:
D:1:      eino_arrival_tree_alley, layout_loops_ring,
          hellmonk_ecumenical_altar_watching_god
D:2:      layout_basic, uniq_terence
D:3:      layout_basic
D:4:      corexii_shack_village, layout_basic, kennysheep_small_spiral

Notes
Turn   | Place    | Note
-------+----------+-------------------------------------------
     0 | D:1      | spaghetti the Mummy Fighter began the quest for the Orb.
     0 | D:1      | Reached XP level 1. HP: 18/18 MP: 1/1
     0 | D:1      | magus.rc [v1.9.6]
   199 | D:1      | Reached skill level 2 in Unarmed Combat
   422 | D:1      | Reached XP level 2. HP: 21/24 MP: 2/2
   425 | D:1      | Found a faded altar of an unknown god.
   451 | D:1      | Noticed an eye of devastation
   454 | D:1      | Noticed a golden eye
   454 | D:1      | Noticed a shining eye
   454 | D:1      | Noticed a great orb of eyes
   499 | D:1      | Prayed at the altar of an unknown god.
   499 | D:1      | Became a worshipper of Gozag Ym Sagoz the Greedy
  1142 | D:2      | Reached skill level 3 in Unarmed Combat
  1142 | D:2      | Gained mutation: You are in touch with the powers of death.
                  | [Mummy growth]
  1142 | D:2      | Reached XP level 3. HP: 13/29 MP: 3/3
  1586 | D:2      | Reached XP level 4. HP: 32/35 MP: 4/4
  1663 | D:2      | You fall into a shaft and drop 1 floor!
  2015 | D:3      | You pick up a book of Blood and begin reading...
  2232 | D:2      | Noticed Terence
  2275 | D:2      | HP: 4/35 [Terence/+0 mace (7)]
  2276 | D:2      | Killed Terence
  2277 | D:2      | Reached skill level 4 in Unarmed Combat
  2919 | D:4      | Noticed an ogre
  2926 | D:4      | Slain by an ogre

Vanquished Creatures
  Terence (D:2)
  7 adders
  A worm (D:3)
  2 endoplasms
  2 giant cockroaches
  2 goblins (D:1)
  6 hobgoblins
  3 kobolds
  3 quokkas
  4 ball pythons
  2 bats (D:2)
  2 frilled lizards
  5 rats
40 creatures vanquished.

Table legend:
 A = Non-vault XP
 B = Vault XP
 C = Vault XP percentage of total XP
 D = Non-vault monster count
 E = Vault monster count
 F = Vault count percentage of total count
                 A         B        C        D         E       F
            +---------+---------+-------+---------+---------+-------
      Total |     147 |      36 |  19.7 |      39 |       1 |   2.5
            +---------+---------+-------+---------+---------+-------
        D:1 |      20 |       0 |   0.0 |      12 |       0 |   0.0
        D:2 |      99 |      36 |  26.7 |      19 |       1 |   5.0
        D:3 |      28 |       0 |   0.0 |       8 |       0 |   0.0
            +---------+---------+-------+---------+---------+-------

Illustrated notes

Table legend:
 A = Kills in this place as a percentage of kills in entire the game.
 B = Kills by you in this place as a percentage of kills by you in the entire game.
 C = Kills by friends in this place as a percentage of kills by friends in the entire game.
 D = Other kills in this place as a percentage of other kills in the entire game.
 E = Experience gained in this place as a percentage of experience gained in the entire game.
 F = Experience gained in this place divided by the number of levels of this place that you have seen.
                   A       B       C       D       E      F
               +-------+-------+-------+-------+-------+----------------------
         Total | 100.0 | 100.0 |   N/A |   N/A | 100.0 |  45.8
       Dungeon | 100.0 | 100.0 |   N/A |   N/A | 100.0 |  45.8
               +-------+-------+-------+-------+-------+----------------------

Table legend: (Time is in decaauts)
 A = Elapsed time spent in this place.
 B = Non-inter-level travel time spent in this place.
 C = Inter-level travel time spent in this place.
 D = Time resting spent in this place.
 E = Time spent auto-exploring this place.
 F = Levels seen in this place.
 G = Mean time per level.
                   A        B        C        D        E       F      G
               +--------+--------+--------+--------+--------+-----+--------+
         Total |   2923 |   2815 |    108 |    251 |   2159 |   4 |  730.8 |
       Dungeon |   2923 |   2815 |    108 |    251 |   2159 |   4 |  730.8 |
               +--------+--------+--------+--------+--------+-----+--------+

Top non-repeatable levels by time:
     D:2: 1312 daAuts
     D:1: 1019 daAuts
     D:3: 584 daAuts
     D:4: 6 daAuts
